 Dungeon Crawl Stone Soup version 0.30.1-11-g7821555f0a (webtiles) character file.

Game seed: 6461023290873919221

79 Janerl the Poker (level 4, -3/61 HPs)
             Began as a Minotaur Berserker on Jan 6, 2024.
             Was a Believer of Trog.
             Slain by a cerulean imp
             ... wielding a +2 spear
             ... summoned by Natasha
              (5 damage)
             ... on level 2 of the Dungeon.
             The game lasted 00:04:54 (1584 turns).

Janerl the Poker (Minotaur Berserker)               Turns: 1584, Time: 00:04:55

Health: -3/61      AC:  2    Str: 22    XL:     4   Next: 16%
Magic:  3/3        EV: 12    Int:  6    God:    Trog [**....]
Gold:   85         SH:  0    Dex:  9    Spells: 3/3 levels left

rFire   . . .        a - +0 spear
rCold   . . .        (no shield)
rNeg    . . .        b - +0 animal skin
rPois   .            (helmet restricted)
rElec   .            (no cloak)
rCorr   .            (no gloves)
SInv    .            (no boots)
Will    .....        (no amulet) Stlth
                     (no ring)
HPRegen 0.30/turn    (no ring)
MPRegen 0.08/turn

%: no passive effects
@: berserking, very quick
A: horns 2, retaliatory headbutt
a: Renounce Religion, Berserk, Trog's Hand


You were on level 2 of the Dungeon.
You worshipped Trog.
Trog was pleased with you.
You visited 1 branch of the dungeon, and saw 2 of its levels.

You collected 85 gold pieces.

Inventory:

Hand Weapons
 a - a +0 spear (weapon)
 g - a +1 dagger of venom
Missiles
 c - 2 throwing nets (quivered)
Armour
 b - a +0 animal skin (worn)
Scrolls
 e - a scroll of poison {unknown}
 f - 2 scrolls of immolation {unknown}
 h - 4 scrolls of identify {unknown}
 i - 2 scrolls of magic mapping {unknown}
Potions
 d - a potion of lignification
 k - 2 potions of ambrosia {unknown}
 l - a potion of brilliance {unknown}
 m - a potion of might
 n - a potion of haste {unknown}


   Skills:
 + Level 4.8 Fighting
 + Level 4.9 Polearms
 + Level 2.6 Armour
 + Level 2.5 Dodging


You had 3 spell levels left.
You didn't know any spells.
Your spell library was empty.

Dungeon Overview and Level Annotations

Branches:
Dungeon (2/15)

Altars:

Annotations:
D:2 Natasha


Innate Abilities, Weirdness & Mutations

You have a pair of horns on your head.
You reflexively headbutt those who attack you in melee.


Message History

You hit Natasha. Your headbutt misses Natasha.
Natasha is almost dead.
The cerulean imp closely misses you.
Natasha stares at you and mumbles some strange words.
The magic dart hits you!
You hit Natasha but do no damage. Your headbutt misses Natasha.
Natasha is almost dead.
The cerulean imp closely misses you.
The cerulean imp hits you but does no damage.
Natasha drinks a potion.
Natasha is healed!
You barely miss Natasha.
The cerulean imp hits you from afar with a +0 spear. x2
You barely miss Natasha.
Natasha casts a spell.
The cerulean imp hits you from afar with a +0 spear. x2
* * * LOW HITPOINT WARNING * * *
You closely miss Natasha. Natasha claws you.
* * * LOW HITPOINT WARNING * * *
The cerulean imp hits you from afar with a +0 spear.
* * * LOW HITPOINT WARNING * * *
The cerulean imp misses you.
You feel better.
The cerulean imp hits you from afar with a +2 spear.
* * * LOW HITPOINT WARNING * * *
Natasha claws you.
* * * LOW HITPOINT WARNING * * *
The cerulean imp hits you but does no damage.
The cerulean imp hits you from afar with a +0 spear.
* * * LOW HITPOINT WARNING * * *
Okay, then.
A red film seems to cover your vision as you go berserk!
You feel yourself moving faster!
You feel mighty! The cerulean imp closely misses you.
Natasha barely misses you. The cerulean imp closely misses you.
The cerulean imp hits you from afar with a +0 spear.
* * * LOW HITPOINT WARNING * * *
You hit Natasha.
Natasha is lightly wounded.
The cerulean imp hits you from afar with a +2 spear.
You die...

####..#######.#.# #........######
............#.#.# #........#.....
...........##.#####........#.####
.~~........##.....#..............
~..~.......######.#........#.....
~..~..~~...~##..#.#........#.....
..~..~..~..~~#.(......#.#....#.#.
..~.⌠~..~..~~#5#..###.#...>..#.#.
.~..~⌠.~...~~#..@.5.#.##.........
.~..~..~..~~~###h.5.#......>.....
..~~..~..~~~# ........#.........
......)..~.# #<#######.#.........
......)~~..# #.# #....#.........
.......†)..###.####..............
..........).##...................
####..#####.....###..............
#..## #.....# #..............


You could see Natasha and 3 cerulean imps.

Vanquished Creatures
  Natasha (D:2)
  An adder (D:2)
  A worm (D:2)
  A dart slug (D:1)
  2 bats (D:2)
  4 endoplasms
  3 goblins
  5 hobgoblins
  3 jackals (D:1)
  2 kobolds
  2 quokkas (D:2)
  5 ball pythons
  2 frilled lizards (D:2)
  6 rats
38 creatures vanquished.

Notes
Turn   | Place    | Note
-------+----------+-------------------------------------------
     0 | D:1      | Janerl the Minotaur Berserker began the quest for the Orb.
     0 | D:1      | Reached XP level 1. HP: 19/19 MP: 0/0
   150 | D:1      | Reached XP level 2. HP: 27/27 MP: 1/1
  1078 | D:2      | Reached XP level 3. HP: 33/33 MP: 2/2
  1094 | D:2      | Reached ** piety under Trog
  1265 | D:2      | Noticed Natasha
  1293 | D:2      | Killed Natasha
  1294 | D:2      | Reached XP level 4. HP: 37/41 MP: 3/3
  1566 | D:2      | Noticed Natasha
  1581 | D:2      | HP: 2/41 [cerulean imp/+0 spear[Natasha] (4)]
  1584 | D:2      | Slain by a cerulean imp

Illustrated notes

Levels and vault maps discovered:
D:1:      lemuel_arrival_hallway, layout_basic
D:2:      cheibrodos_helix_gallery, layout_basic, uniq_natasha

Skill      XL: |  1  2 |
---------------+-------+-----
Polearms       | 4 |  4.9
Fighting       | 4 |  4.8
Armour         | |  2.6
Dodging        | |  2.5

Action                     |  1- 3 |  4- 6 || total
---------------------------+-------+-------++-------
  Melee: Spear             |    92 |    21 ||   113
         Headbutt          |    11 |     2 ||    13
 Invoke: Berserk           |       |     1 ||     1
    Use: Potion            |     3 |     1 ||     4
 Armour: Animal skin       |    10 |     3 ||    13
         Skin              |    11 |       ||    11
  Dodge: Dodged            |    36 |    12 ||    48
